 Dungeon Crawl Stone Soup version 0.26-a0-712-ga5a9c9c9d0 (webtiles) character file.

Game seed: 2520682837775236984

(classic levelgen) 1677 EnegeticOcto the Chopper (level 8, 0/74 HPs)
             Began as a Deep Dwarf Fighter on Nov 3, 2020.
             Was a Follower of Makhleb.
             Slain by a manticore (3 damage)
             ... on level 6 of the Dungeon.
             The game lasted 00:02:27 (2255 turns).

EnegeticOcto the Chopper (Deep Dwarf Fighter)       Turns: 2255, Time: 00:02:28

Health: 0/74       AC:  8    Str: 22    XL:     8   Next: 70%
Magic:  4/4        EV:  8    Int:  9    God:    Makhleb [*.....]
Gold:   193        SH: 15    Dex: 12    Spells: 7/7 levels left

rFire    . . .     SeeInvis .   a - +1 war axe
rCold    . . .     Faith    .   c - +0 kite shield
rNeg     . . .     Spirit   .   b - +0 scale mail
rPois    +         Reflect  +   (no helmet)
rElec    .         Harm     .   (no cloak)
rCorr    .         Rampage  .   (no gloves)
MR       +....                  h - +0 pair of boots
Stlth    ..........             n - amulet of reflection
HPRegen  0.00/turn              i - -4 ring of slaying (curse)
MPRegen  0.09/turn              e - ring of poison resistance

@: barbed spikes, non-regenerating
A: damage resistance, heal wounds, sense surroundings 1, no regeneration
a: Heal Wounds, Renounce Religion


You were on level 6 of the Dungeon.
You worshipped Makhleb.
Makhleb was aware of your devotion.
You visited 2 branches of the dungeon, and saw 7 of its levels.

You collected 231 gold pieces.
You spent 38 gold pieces at shops.

Inventory:

Hand Weapons
 a - a +1 war axe (weapon)
Armour
 b - a +0 scale mail (worn)
 c - a +0 kite shield (worn)
 h - a +0 pair of boots (worn)
Jewellery
 e - a ring of poison resistance (right hand)
 i - a cursed -4 ring of slaying (left hand)
 m - a +6 ring of dexterity
 n - an amulet of reflection (around neck)
Wands
 f - a wand of digging (3) {@v3}
 l - a wand of iceblast (11) {@v2}
Scrolls
 o - 3 scrolls of teleportation {@r3}
Potions
 d - a potion of might {@q3}
 g - a potion of heal wounds {unknown}
 j - 3 potions of flight
 k - a potion of resistance {unknown}
 p - a potion of lignification {unknown}


   Skills:
 + Level 5.0 Fighting
 * Level 7.6 Axes
 + Level 6.1 Armour
 + Level 6.0 Shields
 + Level 4.6 Invocations


You had 7 spell levels left.
You didn't know any spells.
Your spell library was empty.

Dungeon Overview and Level Annotations

Branches:
Dungeon (6/15)             Temple (1/1) D:4

Altars:
Gozag
Makhleb
Nemelex Xobeh
Okawaru
Qazlal
Trog
Uskayaw
Vehumet
Wu Jian
Xom

Shops:
D:4 *


Innate Abilities, Weirdness & Mutations

You are resistant to damage.
You can heal yourself by infusing magical energy.
You passively map a small area around you.
You do not regenerate.


Message History

You block the ice beast's attack.
You completely miss the ice beast.
The ice beast is heavily wounded.
The ice beast hits you but does no damage. x2
You closely miss the ice beast.
The ice beast is heavily wounded.
You block the ice beast's attack.
You hit the ice beast but do no damage.
The ice beast is heavily wounded.
You block the ice beast's attack.
You slash the ice beast!
The ice beast is severely wounded.
You block the ice beast's attack.
You barely miss the ice beast.
The ice beast is severely wounded.
You block the ice beast's attack.
An ice beast is nearby!
An ice beast is nearby!
An ice beast is nearby!
An ice beast is nearby!
You barely miss the ice beast.
The ice beast is severely wounded.
You block the ice beast's attack.
The ice beast hits you but does no damage.
You barely miss the ice beast.
The ice beast is severely wounded.
The ice beast hits you but does no damage.
You slash the ice beast!
You kill the ice beast!
Makhleb accepts your kill.
Your Fighting skill increases to level 5!
Your Shields skill increases to level 6!
No target in view!
No target in view!
No target in view!
No target in view!
Found 18 stones.
You see here 18 stones.
A manticore comes into view.
The manticore flicks its tail.
The volley of spikes hits you!
The barbed spikes become lodged in your body.
A manticore is nearby!
A manticore is nearby!
A manticore is nearby!
The barbs in your skin will harm you if you move.
Continue? [Y]es or [N]o only, please.
The barbs in your skin will harm you if you move.
Continue? [Y]es or [N]o only, please.
The barbs in your skin will harm you if you move.
Continue? [Y]es or [N]o only, please.
The barbs in your skin will harm you if you move.
Continue? [Y]es or [N]o only, please.
The barbs in your skin will harm you if you move.
Continue? [Y]es or [N]o only, please.
The barbs in your skin will harm you if you move.
Continue? [Y]es or [N]o only, please.
The barbs in your skin will harm you if you move.
Continue? [Y]es or [N]o only, please.
The barbs in your skin will harm you if you move.
Continue? [Y]es or [N]o only, please.
The barbs in your skin will harm you if you move.
Continue? [Y]es or [N]o only, please.
The barbs in your skin will harm you if you move.
Continue? [Y]es or [N]o only, please.
The barbs in your skin will harm you if you move.
Continue? [Y]es or [N]o only, please.
The barbs in your skin will harm you if you move.
Continue? [Y]es or [N]o only, please.
The barbs in your skin will harm you if you move.
Continue? [Y]es or [N]o only, please.
The barbs in your skin will harm you if you move.
Continue? [Y]es or [N]o only, please.
The barbs in your skin will harm you if you move.
Continue?
Okay, then.
The manticore flicks its tail.
The volley of spikes hits you!
The barbed spikes become lodged in your body.
The manticore flicks its tail.
The volley of spikes hits you!
The barbed spikes become lodged in your body.
The manticore flicks its tail.
The volley of spikes hits you.
The barbed spikes become lodged in your body.
You block the manticore's attack.
The manticore claws you but does no damage. x2
The manticore bites you but does no damage.
The manticore claws you!
* * * LOW HITPOINT WARNING * * *
The manticore claws you.
* * * LOW HITPOINT WARNING * * *
The manticore bites you!
* * * LOW HITPOINT WARNING * * *
The manticore claws you.
* * * LOW HITPOINT WARNING * * *
The manticore claws you but does no damage.
You block the manticore's attack. x2; The manticore barely misses you.
You block the manticore's attack. The manticore barely misses you.
The manticore claws you.
You die...

#..................## ##....#
#
#.#############.###.###.##.##
# #.# #.# ##.#.###.# # #.#
#.# ##.## #.##### #.# #.# #.#
#...... #.# #.# #.# #.#####
##.# #.# #.# #.# ..<# #.#
#.####.## #### * * * #@#
#.......#### * ,,......H.#
######.....# * #########
##.##.# , #.##.. * * #.#### ,
#.# * #.# * #.### ##### #...#


You could see a manticore.

Vanquished Creatures
  An ice beast (D:6)
  2 sky beasts
  An ogre (D:6)
  A necrophage (D:6)
  2 centaurs
  A bullfrog (D:6)
  A scorpion (D:4)
  5 killer bees (D:5)
  2 howler monkeys
  3 orc priests
  2 hounds
  A bullfrog skeleton (D:5)
  An iguana (D:5)
  Ijyb (D:3)
  8 orc wizards
  3 worker ants
  A hound skeleton (D:6)
  A worker ant zombie (D:6)
  An adder (D:4)
  A howler monkey skeleton (D:5)
  A shadow imp (D:5)
  2 white imps
  2 ufetubi (D:5)
  An adder skeleton (D:4)
  A dart slug (D:1)
  2 leopard geckos
  18 orcs
  2 bats
  2 giant cockroaches
  5 goblins
  2 kobolds
  3 quokkas
  3 ball pythons
  2 frilled lizards
  A leopard gecko skeleton (D:4)
  A quokka skeleton (D:4)
  4 rats
91 creatures vanquished.

Notes
Turn   | Place    | Note
-------+----------+-------------------------------------------
     0 | D:1      | EnegeticOcto the Deep Dwarf Fighter began the quest for the
                  | Orb.
     0 | D:1      | Reached XP level 1. HP: 20/20 MP: 1/1
   220 | D:1      | Reached XP level 2. HP: 25/27 MP: 2/2
   506 | D:3      | Noticed Ijyb
   529 | D:3      | Killed Ijyb
   529 | D:3      | Reached skill level 3 in Axes
   529 | D:3      | Reached XP level 3. HP: 23/34 MP: 2/2
   557 | D:4      | Reached XP level 4. HP: 42/42 MP: 3/3
   566 | D:4      | Noticed a centaur
   575 | D:4      | Killed a centaur
   575 | D:4      | Reached skill level 4 in Axes
   575 | D:4      | Reached XP level 5. HP: 36/49 MP: 4/4
   631 | D:4      | Reached XP level 6. HP: 43/56 MP: 5/5
   640 | D:4      | Found an opulent altar of Gozag.
   666 | D:4      | Found a staircase to the Ecumenical Temple.
   675 | Temple   | Entered the Ecumenical Temple
   682 | Temple   | Became a worshipper of Makhleb the Destroyer
   793 | D:4      | Reached skill level 5 in Axes
   916 | D:4      | Reached skill level 1 in Invocations
   978 | D:4      | Found a radiant altar of Vehumet.
   985 | D:4      | Found Enaazuoh's Assorted Antiques.
  1025 | D:4      | Bought a scroll labeled TISIRE EJUC for 19 gold pieces
  1025 | D:4      | Bought a scroll labeled HATA GIULOFUOKI for 19 gold pieces
  1104 | D:5      | Entered Level 5 of the Dungeon
  1137 | D:5      | Reached XP level 7. HP: 39/63 MP: 5/5
  1245 | D:5      | Found a stormy altar of Qazlal.
  1268 | D:5      | Reached skill level 5 in Armour
  1281 | D:5      | Reached skill level 5 in Shields
  1357 | D:5      | Reached skill level 6 in Axes
  1496 | D:5      | Reached * piety under Makhleb
  1508 | D:5      | Reached XP level 8. HP: 38/73 MP: 4/4
  1937 | D:6      | Reached skill level 7 in Axes
  1992 | D:6      | Found an iron altar of Okawaru.
  2196 | D:6      | Reached skill level 5 in Fighting
  2243 | D:6      | Noticed a manticore
  2253 | D:6      | HP: 3/74 [manticore (1)]
  2255 | D:6      | Slain by a manticore

Illustrated notes

Levels and vault maps discovered:
D:1:      saegor_arrival_simple_c, layout_loops_corners
D:2:      layout_basic, elyvilon_altar_1, old_standard_altar,
          chequers_ecumenical_altar_simple
D:3:      layout_rooms, nicolae_tso_carved_into_rock,
          lemuel_coloured_pillars_altar, gammafunk_ghost_smash,
          minmay_crystal_water, uniq_ijyb
D:4:      layout_cave_pools, nicolae_gozag_cash_rules_everything_around_me,
          kennysheep_little_box, minmay_temple_entry_mist, serial_shops,
          nicolae_shop_stone
D:5:      minmay_diamond_boxcup, layout_rooms, grunt_qazlal_sundering
D:6:      layout_loops_ring, okawaru_trees_2
Temple:   cyrus_circular_temple

Skill      XL: |  1  2  3  4  5  6  7  8 |
---------------+-------------------------+-----
Fighting       | 3 4 5 |  5.0
Axes           | 3 4 5 6 7 |  7.6
Armour         | 4 5 6 |  6.1
Shields        | 4 5 6 |  6.0
Invocations    | 1 3 4 |  4.6

Action                   |  1- 3 |  4- 6 |  7- 9 || total
-------------------------+-------+-------+-------++-------
Melee: War axe           |    74 |    89 |   196 ||   359
 Abil: Heal Wounds       |     2 |     3 |     9 ||    14
  Use: Scroll            |       |     5 |     3 ||     8
Armor: Scale mail        |    36 |    50 |    98 ||   184
Dodge: Dodged            |    25 |    31 |    53 ||   109
Block: Kite shield       |    45 |    72 |   146 ||   263

Table legend: (Time is in decaauts)
 A = Elapsed time spent in this place.
 B = Non-inter-level travel time spent in this place.
 C = Inter-level travel time spent in this place.
 D = Time resting spent in this place.
 E = Time spent auto-exploring this place.
 F = Levels seen in this place.
 G = Mean time per level.
                   A        B        C        D        E       F      G
               +--------+--------+--------+--------+--------+-----+--------+
         Total |   2362 |   2218 |    144 |      0 |   1432 |   7 |  337.4 |
       Dungeon |   2348 |   2210 |    138 |      0 |   1432 |   6 |  391.3 |
        Temple |     14 |      8 |      6 |      0 |      0 |   1 |   14.0 |
               +--------+--------+--------+--------+--------+-----+--------+

Top non-repeatable levels by time:
     D:6: 641 daAuts
     D:4: 564 daAuts
     D:5: 561 daAuts
     D:1: 385 daAuts
     D:2: 130 daAuts
     D:3: 65 daAuts
  Temple: 14 daAuts
